3049 views
Uploaded 2020-02-22 00:28:52
Game version 1.32 / 1.32.1
22:47 long 4on4 ladder game on (8)MarketSquare
Saved by Teelo
3049 views
Uploaded 2020-02-22 00:28:52
Game version 1.32 / 1.32.1
22:47 long 4on4 ladder game on (8)MarketSquare


149 units @ 26.4k
/ 4.6k
86 buildings @ 10.1k
/ 3.7k


| Peasant | 12 | 900 | / | 0 |
| Gryphon Rider | 17 | 4760 | / | 1190 |
| Knight | 9 | 2205 | / | 540 |
| total: | 38 | 7865g | / | 1730w |
| Scout Tower | 11 | 330 | / | 220 |
| Arcane Tower | 4 | 280 | / | 200 |
| Guard Tower | 7 | 490 | / | 350 |
| Altar of Kings | 1 | 180 | / | 50 |
| Farm | 14 | 1120 | / | 280 |
| Lumber Mill | 1 | 120 | / | 0 |
| Blacksmith | 1 | 140 | / | 60 |
| Arcane Vault | 1 | 130 | / | 30 |
| Town Hall | 1 | 385 | / | 205 |
| Barracks | 1 | 160 | / | 60 |
| Gryphon Aviary | 2 | 280 | / | 300 |
| Keep | 1 | 320 | / | 210 |
| Castle | 1 | 360 | / | 210 |
| total: | 33 | 2845g | / | 1205w |
| 0:04 | Peasant |
| 0:10 | Altar of Kings |
| 0:13 | Farm |
| 0:17 | Peasant |
| 0:23 | Peasant |
| 0:36 | Peasant |
| 0:51 | Peasant |
| 0:54 | Scout Tower |
| 1:06 | Peasant |
| 1:19 | Farm |
| 1:24 | Peasant |
| 1:30 | Farm |
| 1:32 | Arcane Tower |
| 1:43 | Lumber Mill |
| 1:50 | Peasant |
| 2:00 | Scout Tower |
| 2:11 | Farm |
| 2:19 | Summon Water Elemental |
| 2:25 | Peasant |
| 2:34 | Guard Tower |
| 2:48 | Farm |
| 3:21 | Keep |
| 3:34 | Blacksmith |
| 4:56 | Farm |
| 5:42 | Peasant |
| 6:05 | Gryphon Aviary |
| 6:09 | Scout Tower |
| 6:11 | Castle |
| 6:36 | Guard Tower |
| 6:41 | Scout Tower |
| 7:09 | Arcane Tower |
| 7:13 | Farm |
| 7:32 | Gryphon Aviary |
| 7:56 | Farm |
| 8:39 | Farm |
| 8:42 | Farm |
| 8:45 | Iron Forged Swords |
| 8:46 | Studded Leather Armor |
| 9:07 | Gryphon Rider |
| 9:08 | Gryphon Rider |
| 9:20 | Farm |
| 9:33 | Scout Tower |
| 9:41 | Flame Strike |
| 9:51 | Gryphon Rider |
| 9:52 | Gryphon Rider |
| 9:55 | Steel Forged Swords |
| 10:45 | Gryphon Rider |
| 10:46 | Gryphon Rider |
| 10:51 | Guard Tower |
| 10:56 | Scout Tower |
| 11:19 | Gryphon Rider |
| 11:21 | Gryphon Rider |
| 11:23 | Reinforced Leather Armor |
| 11:27 | Arcane Tower |
| 11:30 | Scout Tower |
| 11:50 | Storm Hammers |
| 12:13 | Guard Tower |
| 12:25 | Arcane Vault |
| 12:37 | Blizzard |
| 12:57 | Banish |
| 12:59 | Gryphon Rider |
| 13:01 | Gryphon Rider |
| 14:45 | Town Hall |
| 15:02 | Barracks |
| 15:12 | Scout Tower |
| 15:24 | Brilliance Aura |
| 15:42 | Iron Plating |
| 16:12 | Guard Tower |
| 16:19 | Farm |
| 16:22 | Knight |
| 16:22 | Knight |
| 16:23 | Knight |
| 16:45 | Flame Strike |
| 17:05 | Farm |
| 17:14 | Knight |
| 17:44 | Scout Tower |
| 18:07 | Animal War Training |
| 18:26 | Guard Tower |
| 18:29 | Peasant |
| 18:29 | Peasant |
| 18:51 | Summon Water Elemental |
| 19:35 | Gryphon Rider |
| 19:36 | Gryphon Rider |
| 20:04 | Knight |
| 20:08 | Gryphon Rider |
| 20:27 | Knight |
| 20:52 | Scout Tower |
| 20:55 | Knight |
| 20:58 | Gryphon Rider |
| 21:22 | Arcane Tower |
| 21:29 | Scout Tower |
| 21:31 | Gryphon Rider |
| 21:56 | Knight |
| 21:59 | Guard Tower |
| 22:06 | Farm |
| 22:26 | Knight |
| 22:44 | Gryphon Rider |
| 22:45 | Gryphon Rider |
| Right click | 734 |
| Select | 296 |
| Build/train/purchase | 73 |
| Use ability | 9 |
| Misc. action | 5 |



| Rod of Necromancy | 3 | 450 |
| Potion of Healing | 1 | 150 |
| Scroll of Town Portal | 3 | 1050 |
| total: | 7 | 1650g |
| Acolyte | 8 | 600 | / | 0 |
| Ghoul | 8 | 960 | / | 0 |
| Gargoyle | 18 | 3150 | / | 540 |
| Obsidian Statue | 5 | 1000 | / | 175 |
| total: | 39 | 5710g | / | 715w |
| Nerubian Tower | 1 | 100 | / | 20 |
| Spirit Tower | 1 | 145 | / | 40 |
| Altar of Darkness | 1 | 180 | / | 50 |
| Ziggurat | 8 | 1200 | / | 400 |
| Crypt | 3 | 600 | / | 150 |
| Tomb of Relics | 1 | 130 | / | 30 |
| Graveyard | 1 | 215 | / | 0 |
| Slaughterhouse | 1 | 140 | / | 135 |
| Halls of the Dead | 2 | 640 | / | 420 |
| Black Citadel | 1 | 325 | / | 230 |
| total: | 15 | 2465g | / | 765w |
| 0:02 | Acolyte |
| 0:13 | Altar of Darkness |
| 0:18 | Ziggurat |
| 0:21 | Acolyte |
| 0:34 | Crypt |
| 0:59 | Acolyte |
| 1:05 | Tomb of Relics |
| 1:35 | Ghoul |
| 1:39 | Ziggurat |
| 1:43 | Ghoul |
| 2:04 | Ghoul |
| 2:14 | Sleep |
| 2:15 | Rod of Necromancy |
| 2:33 | Ghoul |
| 2:49 | Ghoul |
| 3:29 | Ghoul |
| 3:41 | Halls of the Dead |
| 3:46 | Graveyard |
| 4:09 | Ghoul |
| 4:14 | Ziggurat |
| 4:18 | Nerubian Tower |
| 4:22 | Vampiric Aura |
| 4:35 | Cannibalize |
| 4:42 | Crypt |
| 4:51 | Rod of Necromancy |
| 5:04 | Ghoul |
| 5:17 | Creature Attack |
| 5:18 | Improved Creature Attack |
| 6:12 | Scroll of Town Portal |
| 7:36 | Death Coil |
| 7:49 | Gargoyle |
| 7:54 | Slaughterhouse |
| 7:59 | Black Citadel |
| 8:58 | Gargoyle |
| 9:18 | Obsidian Statue |
| 9:22 | Ziggurat |
| 9:31 | Gargoyle |
| 10:43 | Gargoyle |
| 10:46 | Obsidian Statue |
| 11:06 | Advanced Creature Attack |
| 11:20 | Potion of Healing |
| 11:21 | Rod of Necromancy |
| 11:37 | Gargoyle |
| 11:56 | Gargoyle |
| 12:59 | Obsidian Statue |
| 13:02 | Scroll of Town Portal |
| 13:05 | Vampiric Aura |
| 13:07 | Unholy Aura |
| 13:09 | Stone Form |
| 13:28 | Ziggurat |
| 13:57 | Gargoyle |
| 14:02 | Acolyte |
| 14:38 | Gargoyle |
| 15:45 | Death Coil |
| 15:48 | Sleep |
| 15:50 | Acolyte |
| 15:50 | Acolyte |
| 15:50 | Acolyte |
| 15:50 | Acolyte |
| 15:55 | Gargoyle |
| 15:58 | Ziggurat |
| 16:34 | Gargoyle |
| 17:11 | Ziggurat |
| 17:11 | Ziggurat |
| 17:53 | Obsidian Statue |
| 17:57 | Scroll of Town Portal |
| 18:03 | Unholy Aura |
| 18:06 | Spirit Tower |
| 18:56 | Sleep |
| 19:02 | Gargoyle |
| 19:20 | Gargoyle |
| 19:23 | Crypt |
| 19:33 | Rain of Fire |
| 19:39 | Gargoyle |
| 19:49 | Obsidian Statue |
| 20:01 | Creature Carapace |
| 20:25 | Gargoyle |
| 20:41 | Gargoyle |
| 20:49 | Gargoyle |
| 21:26 | Gargoyle |
| 22:20 | Gargoyle |
| Select group | 1150 |
| Right click | 995 |
| Select | 430 |
| Build/train/purchase | 108 |
| Assign group | 106 |
| Misc. action | 88 |
| Use ability | 27 |
| Minimap ping | 1 |

| Rod of Necromancy | 2 | 300 |
| Sacrificial Skull | 1 | 50 |
| Potion of Healing | 2 | 300 |
| Scroll of Town Portal | 1 | 350 |
| Potion of Lesser Invulnerability | 1 | 150 |
| total: | 7 | 1150g |
| Acolyte | 9 | 675 | / | 0 |
| Ghoul | 4 | 480 | / | 0 |
| Crypt Fiend | 20 | 4300 | / | 800 |
| total: | 33 | 5455g | / | 800w |
| Nerubian Tower | 2 | 200 | / | 40 |
| Spirit Tower | 5 | 725 | / | 200 |
| Altar of Darkness | 1 | 180 | / | 50 |
| Ziggurat | 9 | 1350 | / | 450 |
| Crypt | 3 | 600 | / | 150 |
| Tomb of Relics | 1 | 130 | / | 30 |
| Graveyard | 1 | 215 | / | 0 |
| Necropolis | 1 | 225 | / | 0 |
| Halls of the Dead | 2 | 640 | / | 420 |
| Black Citadel | 1 | 325 | / | 230 |
| total: | 16 | 2700g | / | 680w |
| 0:04 | Acolyte |
| 0:04 | Acolyte |
| 0:10 | Altar of Darkness |
| 0:15 | Ziggurat |
| 0:44 | Crypt |
| 1:05 | Ziggurat |
| 1:22 | Nerubian Tower |
| 1:38 | Tomb of Relics |
| 1:47 | Ghoul |
| 1:47 | Ghoul |
| 1:51 | Ghoul |
| 2:03 | Ghoul |
| 2:17 | Death Coil |
| 2:30 | Graveyard |
| 3:08 | Crypt |
| 3:16 | Crypt |
| 3:31 | Rod of Necromancy |
| 3:31 | Sacrificial Skull |
| 4:01 | Halls of the Dead |
| 4:19 | Crypt Fiend |
| 4:40 | Crypt Fiend |
| 4:55 | Creature Attack |
| 5:14 | Unholy Aura |
| 5:17 | Crypt Fiend |
| 5:28 | Ziggurat |
| 6:27 | Acolyte |
| 6:27 | Acolyte |
| 6:29 | Acolyte |
| 6:31 | Web |
| 6:31 | Burrow |
| 6:33 | Improved Creature Attack |
| 7:14 | Ziggurat |
| 7:14 | Ziggurat |
| 7:44 | Ziggurat |
| 7:47 | Acolyte |
| 7:47 | Acolyte |
| 8:07 | Crypt Fiend |
| 8:10 | Nerubian Tower |
| 8:34 | Unholy Aura |
| 8:40 | Crypt Fiend |
| 8:45 | Spirit Tower |
| 9:03 | Crypt Fiend |
| 9:29 | Crypt Fiend |
| 9:30 | Creature Carapace |
| 9:33 | Spirit Tower |
| 9:35 | Ziggurat |
| 9:49 | Crypt Fiend |
| 9:54 | Ziggurat |
| 10:09 | Crypt Fiend |
| 10:45 | Crypt Fiend |
| 10:49 | Spirit Tower |
| 11:02 | Potion of Healing |
| 11:05 | Potion of Healing |
| 11:22 | Scroll of Town Portal |
| 11:43 | Improved Creature Carapace |
| 11:58 | Rod of Necromancy |
| 12:02 | Spirit Tower |
| 12:47 | Death Coil |
| 12:52 | Acolyte |
| 12:52 | Acolyte |
| 12:53 | Ziggurat |
| 13:11 | Necropolis |
| 13:29 | Black Citadel |
| 13:33 | Crypt Fiend |
| 13:49 | Spirit Tower |
| 14:08 | Crypt Fiend |
| 14:10 | Crypt Fiend |
| 14:48 | Halls of the Dead |
| 14:59 | Potion of Lesser Invulnerability |
| 15:18 | Crypt Fiend |
| 15:50 | Crypt Fiend |
| 16:10 | Advanced Creature Attack |
| 16:50 | Unholy Aura |
| 17:05 | Crypt Fiend |
| 17:05 | Crypt Fiend |
| 17:06 | Crypt Fiend |
| 17:19 | Crypt Fiend |
| 17:54 | Advanced Creature Carapace |
| 18:56 | Crypt Fiend |
| Select group | 387 |
| Right click | 295 |
| Select | 191 |
| Build/train/purchase | 109 |
| Misc. action | 104 |
| Assign group | 85 |
| Use ability | 41 |
| Chat | 38 |
| Minimap ping | 2 |
| Item give/drop | 1 |

| Peasant | 12 | 900 | / | 0 |
| Gryphon Rider | 13 | 3640 | / | 910 |
| Dragonhawk Rider | 14 | 2800 | / | 420 |
| total: | 39 | 7340g | / | 1330w |
| Scout Tower | 4 | 120 | / | 80 |
| Arcane Tower | 1 | 70 | / | 50 |
| Guard Tower | 3 | 210 | / | 150 |
| Altar of Kings | 1 | 180 | / | 50 |
| Farm | 10 | 800 | / | 200 |
| Blacksmith | 1 | 140 | / | 60 |
| Lumber Mill | 1 | 120 | / | 0 |
| Arcane Vault | 1 | 130 | / | 30 |
| Gryphon Aviary | 4 | 560 | / | 600 |
| Keep | 1 | 320 | / | 210 |
| Castle | 1 | 360 | / | 210 |
| total: | 22 | 2050g | / | 1020w |
| 0:04 | Peasant |
| 0:04 | Peasant |
| 0:04 | Peasant |
| 0:05 | Peasant |
| 0:24 | Altar of Kings |
| 0:37 | Farm |
| 0:53 | Farm |
| 0:57 | Scout Tower |
| 1:05 | Peasant |
| 1:06 | Peasant |
| 1:40 | Arcane Tower |
| 1:54 | Peasant |
| 1:54 | Peasant |
| 1:55 | Peasant |
| 1:55 | Peasant |
| 1:56 | Peasant |
| 2:07 | Blacksmith |
| 2:37 | Storm Bolt |
| 2:47 | Peasant |
| 3:18 | Farm |
| 3:32 | Keep |
| 3:41 | Lumber Mill |
| 4:02 | Iron Forged Swords |
| 4:03 | Iron Plating |
| 4:07 | Farm |
| 4:51 | Farm |
| 4:58 | Improved Masonry |
| 5:20 | Thunder Clap |
| 5:59 | Farm |
| 6:04 | Castle |
| 6:05 | Steel Forged Swords |
| 6:06 | Steel Plating |
| 6:12 | Improved Lumber Harvesting |
| 6:53 | Gryphon Aviary |
| 6:58 | Gryphon Aviary |
| 7:16 | Gryphon Aviary |
| 7:20 | Farm |
| 7:46 | Bash |
| 8:04 | Gryphon Aviary |
| 8:12 | Farm |
| 9:29 | Storm Hammers |
| 9:29 | Gryphon Rider |
| 9:29 | Gryphon Rider |
| 9:30 | Gryphon Rider |
| 9:38 | Farm |
| 9:41 | Scout Tower |
| 9:48 | Advanced Lumber Harvesting |
| 10:46 | Gryphon Rider |
| 10:46 | Gryphon Rider |
| 10:49 | Guard Tower |
| 10:58 | Farm |
| 11:41 | Gryphon Rider |
| 11:41 | Gryphon Rider |
| 12:38 | Gryphon Rider |
| 12:39 | Gryphon Rider |
| 12:49 | Scout Tower |
| 13:18 | Mithril Forged Swords |
| 13:31 | Guard Tower |
| 13:35 | Scout Tower |
| 14:30 | Gryphon Rider |
| 14:30 | Gryphon Rider |
| 15:10 | Mithril Plating |
| 15:15 | Gryphon Rider |
| 15:15 | Gryphon Rider |
| 15:17 | Guard Tower |
| 15:58 | Arcane Vault |
| 17:01 | Dragonhawk Rider |
| 17:01 | Dragonhawk Rider |
| 17:10 | Cloud |
| 17:30 | Dragonhawk Rider |
| 17:30 | Dragonhawk Rider |
| 17:42 | Dragonhawk Rider |
| 17:42 | Dragonhawk Rider |
| 18:02 | Dragonhawk Rider |
| 18:02 | Dragonhawk Rider |
| 19:28 | Dragonhawk Rider |
| 19:29 | Dragonhawk Rider |
| 20:07 | Dragonhawk Rider |
| 20:07 | Dragonhawk Rider |
| 20:58 | Dragonhawk Rider |
| 20:58 | Dragonhawk Rider |
| Right click | 1156 |
| Select | 246 |
| Build/train/purchase | 68 |
| Misc. action | 54 |
| Use ability | 17 |
| Minimap ping | 5 |
| Remove unit | 2 |
156 units @ 25k
/ 4.4k
71 buildings @ 10.8k
/ 4.7k



| Scroll of Town Portal | 2 | 700 |
| total: | 2 | 700g |
| Acolyte | 11 | 825 | / | 0 |
| Ghoul | 5 | 600 | / | 0 |
| Crypt Fiend | 10 | 2150 | / | 400 |
| Frost Wyrm | 6 | 2310 | / | 720 |
| total: | 32 | 5885g | / | 1120w |
| Nerubian Tower | 1 | 100 | / | 20 |
| Spirit Tower | 1 | 145 | / | 40 |
| Ziggurat | 10 | 1500 | / | 500 |
| Altar of Darkness | 1 | 180 | / | 50 |
| Crypt | 2 | 400 | / | 100 |
| Graveyard | 1 | 215 | / | 0 |
| Tomb of Relics | 1 | 130 | / | 30 |
| Sacrificial Pit | 1 | 75 | / | 150 |
| Boneyard | 2 | 350 | / | 400 |
| Halls of the Dead | 1 | 320 | / | 210 |
| Black Citadel | 1 | 325 | / | 230 |
| total: | 18 | 2850g | / | 1230w |
| 0:04 | Ziggurat |
| 0:07 | Acolyte |
| 0:08 | Acolyte |
| 0:08 | Acolyte |
| 0:59 | Altar of Darkness |
| 1:03 | Crypt |
| 1:07 | Crypt |
| 1:41 | Ziggurat |
| 2:09 | Ghoul |
| 2:19 | Ghoul |
| 2:26 | Graveyard |
| 2:43 | Ziggurat |
| 3:05 | Tomb of Relics |
| 3:11 | Nerubian Tower |
| 3:16 | Death Coil |
| 3:50 | Ziggurat |
| 3:52 | Crypt Fiend |
| 4:01 | Crypt Fiend |
| 4:24 | Crypt Fiend |
| 5:05 | Crypt Fiend |
| 5:27 | Crypt Fiend |
| 5:45 | Acolyte |
| 6:19 | Unholy Aura |
| 6:41 | Acolyte |
| 6:42 | Acolyte |
| 6:42 | Acolyte |
| 7:02 | Crypt Fiend |
| 7:05 | Creature Attack |
| 7:54 | Crypt Fiend |
| 8:29 | Ziggurat |
| 8:29 | Ziggurat |
| 8:30 | Ziggurat |
| 8:31 | Ziggurat |
| 8:31 | Ziggurat |
| 8:54 | Death Coil |
| 9:32 | Halls of the Dead |
| 9:35 | Spirit Tower |
| 9:38 | Creature Carapace |
| 10:12 | Unholy Aura |
| 10:46 | Crypt Fiend |
| 11:40 | Crypt Fiend |
| 11:49 | Death Coil |
| 12:18 | Black Citadel |
| 12:19 | Web |
| 12:57 | Scroll of Town Portal |
| 13:07 | Ziggurat |
| 13:15 | Sacrificial Pit |
| 13:21 | Impale |
| 13:33 | Improved Creature Attack |
| 13:33 | Improved Creature Carapace |
| 14:35 | Scroll of Town Portal |
| 14:43 | Spiked Carapace |
| 14:49 | Boneyard |
| 14:50 | Boneyard |
| 15:05 | Burrow |
| 15:12 | Acolyte |
| 15:56 | Acolyte |
| 15:56 | Acolyte |
| 15:56 | Acolyte |
| 16:04 | Howl of Terror |
| 16:13 | Frost Wyrm |
| 16:13 | Frost Wyrm |
| 17:10 | Cleaving Attack |
| 17:24 | Spiked Carapace |
| 17:31 | Animate Dead |
| 17:54 | Frost Wyrm |
| 17:55 | Frost Wyrm |
| 18:59 | Cleaving Attack |
| 19:39 | Impale |
| 19:55 | Ghoul |
| 19:55 | Ghoul |
| 19:55 | Ghoul |
| 20:16 | Howl of Terror |
| 20:28 | Crypt Fiend |
| 20:31 | Frost Wyrm |
| 20:34 | Advanced Creature Attack |
| 21:55 | Frost Wyrm |
| 21:57 | Advanced Creature Carapace |
| 22:19 | Unholy Aura |
| 22:43 | Cleaving Attack |
| 22:45 | Spiked Carapace |
| Right click | 778 |
| Select group | 395 |
| Select | 211 |
| Assign group | 101 |
| Build/train/purchase | 72 |
| Use ability | 22 |
| Minimap ping | 8 |
| Remove unit | 2 |


| Orb of Venom | 1 | 325 |
| total: | 1 | 325g |
| Wisp | 17 | 1020 | / | 0 |
| Huntress | 10 | 1950 | / | 200 |
| Hippogryph | 11 | 1760 | / | 220 |
| Chimaera | 6 | 1980 | / | 420 |
| total: | 44 | 6710g | / | 840w |
| Altar of Elders | 1 | 180 | / | 50 |
| Moon Well | 7 | 1260 | / | 280 |
| Hunter's Hall | 1 | 210 | / | 100 |
| Ancient of War | 1 | 150 | / | 60 |
| Ancient of Wonders | 1 | 90 | / | 30 |
| Tree of Life | 2 | 680 | / | 370 |
| Ancient of Wind | 1 | 150 | / | 140 |
| Chimaera Roost | 2 | 280 | / | 380 |
| Tree of Ages | 1 | 320 | / | 180 |
| Tree of Eternity | 1 | 330 | / | 200 |
| total: | 16 | 3000g | / | 1410w |
| 0:05 | Wisp |
| 0:05 | Wisp |
| 0:05 | Wisp |
| 0:15 | Altar of Elders |
| 0:27 | Moon Well |
| 0:31 | Wisp |
| 0:31 | Wisp |
| 0:45 | Wisp |
| 1:07 | Wisp |
| 1:15 | Hunter's Hall |
| 1:28 | Wisp |
| 1:34 | Wisp |
| 1:41 | Moon Well |
| 2:00 | Ancient of War |
| 2:05 | Wisp |
| 2:23 | Moon Well |
| 2:29 | Searing Arrows |
| 2:41 | Wisp |
| 3:08 | Huntress |
| 3:09 | Huntress |
| 3:26 | Huntress |
| 4:01 | Tree of Ages |
| 4:07 | Strength of the Moon |
| 4:37 | Huntress |
| 4:53 | Huntress |
| 5:05 | Moon Well |
| 5:22 | Moon Well |
| 5:34 | Moon Armor |
| 6:25 | Moon Glaive |
| 6:43 | Frost Arrows |
| 6:48 | Trueshot Aura |
| 6:57 | Tree of Eternity |
| 7:06 | Ancient of Wonders |
| 7:52 | Tree of Life |
| 8:36 | Huntress |
| 8:36 | Huntress |
| 9:14 | Huntress |
| 9:15 | Huntress |
| 9:23 | Sentinel |
| 9:25 | Huntress |
| 9:37 | Ancient of Wind |
| 9:41 | Chimaera Roost |
| 9:42 | Chimaera Roost |
| 10:15 | Searing Arrows |
| 10:56 | Hippogryph |
| 10:56 | Hippogryph |
| 10:57 | Hippogryph |
| 10:57 | Hippogryph |
| 10:57 | Hippogryph |
| 11:01 | Wisp |
| 11:01 | Wisp |
| 11:04 | Wisp |
| 11:10 | Mana Shield |
| 11:53 | Moon Well |
| 11:57 | Reinforced Hides |
| 11:58 | Strength of the Wild |
| 12:34 | Chimaera |
| 12:36 | Corrosive Breath |
| 13:08 | Improved Reinforced Hides |
| 13:19 | Hippogryph |
| 14:13 | Hippogryph |
| 14:13 | Hippogryph |
| 14:34 | Chimaera |
| 14:45 | Wisp |
| 14:45 | Wisp |
| 15:05 | Orb of Venom |
| 16:49 | Mana Shield |
| 17:06 | Chimaera |
| 17:06 | Chimaera |
| 17:11 | Trueshot Aura |
| 17:42 | Tree of Life |
| 18:18 | Moon Well |
| 19:01 | Hippogryph |
| 19:01 | Hippogryph |
| 19:01 | Hippogryph |
| 19:07 | Frost Arrows |
| 19:30 | Searing Arrows |
| 20:46 | Chimaera |
| 21:21 | Chimaera |
| 21:50 | Wisp |
| 22:37 | Frost Arrows |
| Select group | 502 |
| Right click | 448 |
| Select | 188 |
| Build/train/purchase | 76 |
| Assign group | 26 |
| Misc. action | 15 |
| Resource trade | 7 |
| Use ability | 5 |
| Remove unit | 2 |
| Minimap ping | 2 |


| Orb of Venom | 1 | 325 |
| Potion of Healing | 1 | 150 |
| Scroll of Town Portal | 3 | 1050 |
| Potion of Lesser Invulnerability | 2 | 300 |
| Boots of Speed | 1 | 250 |
| total: | 8 | 2075g |
| Wisp | 22 | 1320 | / | 0 |
| Archer | 4 | 520 | / | 40 |
| Huntress | 3 | 585 | / | 60 |
| Dryad | 8 | 1160 | / | 480 |
| Hippogryph | 5 | 800 | / | 100 |
| Druid of the Claw | 3 | 765 | / | 240 |
| total: | 45 | 5150g | / | 920w |
| Altar of Elders | 1 | 180 | / | 50 |
| Moon Well | 8 | 1440 | / | 320 |
| Ancient of War | 1 | 150 | / | 60 |
| Hunter's Hall | 1 | 210 | / | 100 |
| Ancient of Wonders | 1 | 90 | / | 30 |
| Tree of Life | 1 | 340 | / | 185 |
| Ancient of Lore | 2 | 310 | / | 290 |
| Ancient of Wind | 2 | 300 | / | 280 |
| Tree of Ages | 1 | 320 | / | 180 |
| Tree of Eternity | 1 | 330 | / | 200 |
| total: | 17 | 3020g | / | 1315w |
| 0:04 | Wisp |
| 0:04 | Wisp |
| 0:15 | Altar of Elders |
| 0:16 | Moon Well |
| 0:25 | Ancient of War |
| 0:32 | Wisp |
| 0:46 | Wisp |
| 1:05 | Wisp |
| 1:05 | Wisp |
| 1:27 | Archer |
| 1:31 | Wisp |
| 1:37 | Moon Well |
| 1:42 | Wisp |
| 1:43 | Wisp |
| 2:07 | Moon Well |
| 2:14 | Mana Burn |
| 2:30 | Hunter's Hall |
| 2:35 | Archer |
| 2:55 | Archer |
| 3:06 | Archer |
| 3:31 | Huntress |
| 3:50 | Tree of Ages |
| 3:52 | Evasion |
| 4:12 | Huntress |
| 4:24 | Ancient of Wonders |
| 4:58 | Huntress |
| 5:13 | Tree of Life |
| 5:17 | Mana Burn |
| 6:14 | Ancient of Lore |
| 6:18 | Ancient of Lore |
| 6:35 | Wisp |
| 6:39 | Moon Well |
| 7:19 | Entangling Roots |
| 7:33 | Wisp |
| 7:34 | Wisp |
| 7:34 | Wisp |
| 7:34 | Wisp |
| 7:35 | Wisp |
| 7:56 | Dryad |
| 8:01 | Wisp |
| 8:06 | Strength of the Wild |
| 8:22 | Potion of Lesser Invulnerability |
| 8:26 | Boots of Speed |
| 8:31 | Abolish Magic |
| 8:32 | Dryad |
| 8:56 | Druid of the Claw Adept Training |
| 9:35 | Wisp |
| 9:35 | Wisp |
| 9:38 | Moon Well |
| 10:20 | Dryad |
| 10:24 | Thorns Aura |
| 10:46 | Tree of Eternity |
| 10:48 | Wisp |
| 10:48 | Wisp |
| 11:11 | Dryad |
| 11:14 | Moon Well |
| 11:18 | Evasion |
| 12:02 | Improved Strength of the Wild |
| 12:04 | Moon Well |
| 12:42 | Ancient of Wind |
| 12:43 | Ancient of Wind |
| 13:09 | Wisp |
| 13:19 | Dryad |
| 13:26 | Scroll of Town Portal |
| 13:27 | Orb of Venom |
| 13:30 | Potion of Healing |
| 13:35 | Strength of the Moon |
| 13:52 | Hippogryph |
| 14:22 | Hippogryph |
| 14:26 | Advanced Strength of the Wild |
| 14:33 | Mana Burn |
| 14:56 | Hippogryph |
| 15:15 | Improved Strength of the Moon |
| 15:23 | Dryad |
| 15:52 | Hippogryph |
| 16:57 | Hippogryph |
| 17:24 | Entangling Roots |
| 17:44 | Wisp |
| 17:56 | Advanced Strength of the Moon |
| 17:57 | Reinforced Hides |
| 17:57 | Moon Armor |
| 18:10 | Scroll of Town Portal |
| 18:17 | Druid of the Claw Master Training |
| 19:09 | Druid of the Claw |
| 19:59 | Druid of the Claw |
| 20:04 | Metamorphosis |
| 20:06 | Thorns Aura |
| 20:31 | Moon Well |
| 21:00 | Scroll of Town Portal |
| 21:01 | Potion of Lesser Invulnerability |
| 21:06 | Dryad |
| 21:46 | Dryad |
| 22:04 | Improved Reinforced Hides |
| 22:05 | Improved Moon Armor |
| 22:06 | Well Spring |
| 22:07 | Ultravision |
| 22:29 | Druid of the Claw |
| 22:30 | Mark of the Claw |
| Right click | 1406 |
| Select group | 1256 |
| Select | 320 |
| Build/train/purchase | 93 |
| Assign group | 48 |
| Use ability | 35 |
| Misc. action | 12 |
| Minimap ping | 7 |
| Item give/drop | 2 |

| Peasant | 10 | 750 | / | 0 |
| Rifleman | 6 | 1230 | / | 180 |
| Gryphon Rider | 19 | 5320 | / | 1330 |
| total: | 35 | 7300g | / | 1510w |
| Scout Tower | 4 | 120 | / | 80 |
| Arcane Tower | 2 | 140 | / | 100 |
| Guard Tower | 2 | 140 | / | 100 |
| Altar of Kings | 1 | 180 | / | 50 |
| Farm | 7 | 560 | / | 140 |
| Barracks | 1 | 160 | / | 60 |
| Blacksmith | 1 | 140 | / | 60 |
| Lumber Mill | 3 | 360 | / | 0 |
| Arcane Vault | 1 | 130 | / | 30 |
| Gryphon Aviary | 2 | 280 | / | 300 |
| Keep | 1 | 320 | / | 210 |
| Castle | 1 | 360 | / | 210 |
| total: | 20 | 1930g | / | 720w |
| 0:13 | Peasant |
| 0:13 | Peasant |
| 0:13 | Peasant |
| 0:35 | Altar of Kings |
| 0:43 | Farm |
| 0:49 | Peasant |
| 0:56 | Barracks |
| 1:19 | Blacksmith |
| 1:39 | Peasant |
| 1:40 | Peasant |
| 1:51 | Farm |
| 2:06 | Scout Tower |
| 2:28 | Rifleman |
| 2:41 | Lumber Mill |
| 2:49 | Arcane Tower |
| 2:54 | Peasant |
| 3:05 | Scout Tower |
| 3:18 | Peasant |
| 3:28 | Rifleman |
| 3:40 | Arcane Tower |
| 3:47 | Farm |
| 4:14 | Devotion Aura |
| 4:32 | Rifleman |
| 4:39 | Farm |
| 4:42 | Rifleman |
| 4:44 | Black Gunpowder |
| 5:19 | Keep |
| 5:28 | Arcane Vault |
| 6:24 | Holy Light |
| 6:33 | Rifleman |
| 7:46 | Castle |
| 7:51 | Improved Lumber Harvesting |
| 8:00 | Long Rifles |
| 8:12 | Iron Forged Swords |
| 8:17 | Studded Leather Armor |
| 8:27 | Gryphon Aviary |
| 8:40 | Farm |
| 8:41 | Farm |
| 8:42 | Farm |
| 8:47 | Gryphon Aviary |
| 8:50 | Rifleman |
| 10:49 | Holy Light |
| 11:00 | Storm Hammers |
| 11:05 | Scout Tower |
| 11:06 | Scout Tower |
| 11:15 | Gryphon Rider |
| 11:16 | Gryphon Rider |
| 11:20 | Steel Forged Swords |
| 13:21 | Gryphon Rider |
| 13:29 | Gryphon Rider |
| 13:29 | Gryphon Rider |
| 13:31 | Gryphon Rider |
| 13:36 | Gryphon Rider |
| 13:42 | Guard Tower |
| 13:47 | Peasant |
| 13:54 | Peasant |
| 14:02 | Guard Tower |
| 14:39 | Gryphon Rider |
| 14:50 | Lumber Mill |
| 14:56 | Lumber Mill |
| 15:06 | Gryphon Rider |
| 15:39 | Gryphon Rider |
| 16:27 | Gryphon Rider |
| 16:31 | Gryphon Rider |
| 17:45 | Reinforced Leather Armor |
| 18:06 | Gryphon Rider |
| 18:06 | Gryphon Rider |
| 18:19 | Gryphon Rider |
| 19:21 | Divine Shield |
| 19:49 | Gryphon Rider |
| 19:50 | Gryphon Rider |
| 19:52 | Gryphon Rider |
| 20:19 | Gryphon Rider |
| 22:47 | Devotion Aura |
| Right click | 728 |
| Select | 200 |
| Build/train/purchase | 58 |
| Use ability | 11 |
| Resource trade | 4 |
| Remove unit | 2 |
| Minimap ping | 1 |
⇛